 Dungeon Crawl Stone Soup version 0.31-a0-102-g33a4ccc0cb (webtiles) character file.

Game seed: 2104497355749887125

114205 ytrimaz the Bludgeoner (level 16, -4/153 HPs)
             Began as an Ogre Monk on May 26, 2023.
             Was the Champion of Hepliaklqana.
             Killed by divine providence
             ... invoked by a deep elf high priest
              (13 damage)
             ... on level 1 of the Elven Halls.
             The game lasted 00:42:45 (26614 turns).

ytrimaz the Bludgeoner (Ogre Monk)                 Turns: 26614, Time: 00:42:46

Health: -4/153     AC: 16    Str: 25    XL:     16   Next: 65%
Magic:  0/16       EV: 15    Int: 13    God:    Hepliaklqana [******]
Gold:   1687       SH:  0    Dex: 17    Spells: 15/15 levels left

rFire   + . .        a - +2 great mace (protect)
rCold   + . .        (shield currently unavailable)
rNeg    . . .        T - +0 troll leather armour
rPois   +            Z - +1 hat {SInv}
rElec   .            B - scarf {rC+ rF+}
rCorr   .            (gloves unavailable)
SInv    +            (boots unavailable)
Will    +....        V - amulet "Beang" {Spirit -Cast rPois Dex+6}
Stlth   +            z - +4 ring of protection
HPRegen 1.25/turn    D - ring of Emaoz {AC+4 Int+2}
MPRegen 0.15/turn

%: no spellcasting, guardian spirit
@: no status effects
A: reduced essence, large, unfitting armour, tough skin 1
a: Renounce Religion, Recall Ancestor, Ancestor Identity, Transference, Idealise


You were on level 1 of the Elven Halls.
You worshipped Hepliaklqana.
Hepliaklqana was exalted by your worship.
You visited 5 branches of the dungeon, and saw 24 of its levels.
You also visited: Volcano.

You collected 3248 gold pieces.
You spent 1561 gold pieces at shops.


Innate Abilities, Weirdness & Mutations

Your life essence is reduced to manifest your ancestor. (-10% HP)
You are too large for most types of armour.
You have tough skin. (AC +1)


   Skills:
 + Level 13.3 Fighting
 + Level 17.0 Maces & Flails
 + Level 12.3 Throwing
 + Level 11.5 Armour
 * Level 10.9 Dodging


You had 15 spell levels left.
You didn't know any spells.
Your spell library contained the following spells:

 Spells                   Type           Power      Damage    Failure   Level
 Blink                    Tloc           0%         N/A       45%         2
 Lesser Beckoning         Tloc           0%         N/A       45%         2
 Momentum Strike          Conj/Tloc      0%         3d8       45%         2
 Static Discharge         Conj/Air       0%         2-2/arc   45%         2
 Dazzling Flash           Conj/Hex       0%         N/A       71%         3
 Ozocubu's Armour         Ice            0%         N/A       71%         3
 Portal Projectile        Hex/Tloc       0%         N/A       71%         3
 Tukima's Dance           Hex            0%         N/A       71%         3
 Vhi's Electric Charge    Tloc/Air       0%         N/A       71%         3
 Airstrike                Air            0%         2d(0-16)  98%         4
 Anguish                  Hex/Necr       0%         N/A       98%         4
 Cause Fear               Hex            0%         N/A       98%         4
 Petrify                  Tmut/Erth      0%         N/A       98%         4
 Summon Lightning Spire   Summ/Air       0%         N/A       98%         4
 Agony                    Necr           0%         N/A       100%        5
 Arcjolt                  Conj/Air       0%         1d10      100%        5
 Blade Hands              Tmut           0%         N/A       100%        5
 Metabolic Englaciation   Hex/Ice        0%         N/A       100%        5
 Silence                  Hex/Air        0%         N/A       100%        5
 Summon Forest            Summ/Tloc      0%         N/A       100%        5
 Yara's Violent Unravell  Hex/Tmut       0%         3d3       100%        5
 Eringya's Noxious Bog    Tmut/Pois      0%         N/A       100%        6
 Plasma Beam              Fire/Air       0%         2x1d11    100%        6
 Simulacrum               Ice/Necr       0%         N/A       100%        6
 Statue Form              Tmut/Erth      0%         N/A       100%        6
 Enfeeble                 Hex            0%         N/A       100%        7
 Ozocubu's Refrigeration  Ice            0%         4d7       100%        7
 Summon Hydra             Summ           0%         N/A       100%        7

Inventory:

Hand Weapons
 a - a +2 great mace of protection (weapon)
   (You took it off an orc warlord on level 1 of the Orcish Mines)
 f - a +0 giant club
   (You took it off an ogre on level 5 of the Dungeon)
 g - a +0 great mace of flaming
   (You found it in a volcano)
Missiles
 s - 4 silver boomerangs
 t - 35 poisoned darts
 w - 15 boomerangs
 x - a throwing net
 L - 21 large rocks (quivered)
 X - 8 javelins
Armour
 n - the +2 cloak "Qaexaqyc" {rElec rC- Dex+5}
   (You found it on level 5 of the Dungeon)

   Dex:       It affects your dexterity (+5).
   rC:        It makes you vulnerable to cold.
   rElec:     It insulates you from electricity.
 B - a scarf of resistance (worn)
   (You found it on level 5 of the Dungeon)
 T - a +0 troll leather armour (worn)
   (You found it on level 11 of the Dungeon)
 Z - a +1 hat of see invisible (worn)
   (You took it off Gastronok on level 2 of the Lair of Beasts)
Jewellery
 m - an amulet of regeneration
   (You found it on level 14 of the Dungeon)
 q - a ring of positive energy
   (You found it on level 3 of the Dungeon)
 r - a ring of resist corrosion
   (You found it on level 3 of the Dungeon)
 y - the ring of Ytixt {Fire rN+ Slay+2}
   (You found it on level 5 of the Lair of Beasts)

   [ring of fire]

   It enhances your fire magic.
   Slay:      It affects your accuracy & damage with ranged weapons and melee
   (+2).
   rF:        It protects you from fire.
   rC:        It makes you vulnerable to cold.
   rN:        It protects you from negative energy.
 z - a +4 ring of protection (left hand)
   (You found it on level 5 of the Dungeon)
 D - the ring of Emaoz (right hand) {AC+4 Int+2}
   (You found it on level 5 of the Lair of Beasts)

   [ring of protection]

   AC:        It affects your AC (+4).
   Int:       It affects your intelligence (+2).
 N - a ring of protection from fire
   (You found it on level 5 of the Lair of Beasts)
 R - an amulet of reflection
   (You found it on level 12 of the Dungeon)
 V - the amulet "Beang" (around neck) {Spirit -Cast rPois Dex+6}
   (You bought it in a shop on level 2 of the Orcish Mines)

   [amulet of guardian spirit]

   It causes incoming damage to be divided between your reserves of health and
   magic.
   Dex:       It affects your dexterity (+6).
   rPois:     It protects you from poison.
   -Cast:     It prevents spellcasting.
Wands
 d - a wand of polymorph (5)
   (You found it on level 4 of the Lair of Beasts)
 p - a wand of digging (4)
   (You took it off an orc on level 5 of the Dungeon)
 v - a wand of mindburst (4)
   (You found it on level 9 of the Dungeon)
 C - a wand of iceblast (11)
   (You found it on level 2 of the Lair of Beasts)
 U - a wand of charming (8)
   (You found it on level 5 of the Lair of Beasts)
Scrolls
 e - 3 scrolls of identify
 i - 2 scrolls of magic mapping
 k - 11 scrolls of teleportation
 o - a scroll of enchant armour
 A - a scroll of enchant weapon
 I - 5 scrolls of fear
 K - 2 scrolls of amnesia
 M - a scroll of fog
 W - a scroll of blinking
Potions
 b - 3 potions of mutation
 c - a potion of ambrosia
 h - 2 potions of invisibility
 j - 11 potions of curing
 l - 6 potions of might
 u - a potion of attraction
 E - a potion of lignification
 F - 3 potions of magic
 G - 5 potions of berserk rage
 H - a potion of cancellation
 J - 4 potions of enlightenment
 P - 3 potions of brilliance
 Q - 3 potions of resistance
 S - 3 potions of heal wounds
 Y - 4 potions of haste
Miscellaneous
 O - a phantom mirror
   (You found it on level 9 of the Dungeon)

Dungeon Overview and Level Annotations

Branches:
Dungeon (15/15) Zot: 25707 Temple (1/1) D:7 Zot: 5792 Lair (5/5) D:9 Zot: 24881 Shoals (0/4) Lair:2 Spider (0/4) Lair:3 Slime (0/5) Lair:4 Orc (2/2) D:10 Zot: 9517 Elf (1/3) Orc:2 Zot: 5978 Vaults (0/5) D:12 D:13 Depths (0/4) D:15 Volcano (visited)

Altars:
Ashenzari
Cheibriados
Dithmenos
Elyvilon
Fedhas
Gozag
Hepliaklqana
Kikubaaqudgha
Makhleb
Nemelex Xobeh
Okawaru
Qazlal
Ru
Sif Muna
Trog
Uskayaw
Vehumet
Wu Jian
Xom
Yredelemnul
Zin
The Shining One
Jiyva

Shops:
D:2 !!(=   D:15 *   Orc:2 ([=*

Annotations:
D:5 1 runed translucent door, Crazy Yiuf

*,*****,,,,,**,,,**,,
*,*,,,',,,******,,,,,
*,*,,,*,,,* **,,,,
*,***************,,,,
*,,,,,,,,,^,,,,,,,,,,
*#######*,,******,,,,
##.....##**,,,,**,,,,
##..R.e..##,,,,,,**,,,
#....@e...#,,,,,,*,*,,
#.♣...E(♣.#,,,,,,,***,
#......e..#,,,,>,,,,,,
#...♣.♣...e...,,,***,,
#.......§.#.e.,,,**,,,
#.♣.....♣.#☼..,,,*,**,
#....>......,.,,,,,,,,
##.......*#.#,**,****,
##.....##,##,*,*** **


You could see the friendly Baldwin the hexer, a deep elf archer (repels
missiles), a deep elf knight (drained), a deep elf high priest, a deep elf
pyromancer, a deep elf zephyrmancer (ally target), a fire elemental (summoned)
and a +1 halberd of freezing.


Message History

The fire elemental burns you! You resist.
* * * LOW HITPOINT WARNING * * *
😨 HP[-7] MP[-1]
You take 7 damage, and now have 72/153 hp.
You lost 1 mp, and now have 8/16 mp.
Unknown command.
The fire elemental hits you. The fire elemental burns you! You resist.
* * * LOW HITPOINT WARNING * * *
The +1 halberd of freezing hits you but does no damage.
Baldwin points at the deep elf knight and mumbles some strange words.
The deep elf knight resists with almost no effort.
The deep elf pyromancer barely misses you.
The deep elf archer shoots an arrow.
The arrow barely misses Baldwin.
The arrow hits you.
* * * LOW HITPOINT WARNING * * *
The fire elemental hits you. The fire elemental burns you! You resist.
* * * LOW HITPOINT WARNING * * *
The fire elemental misses you. x2; The fire elemental hits you.
The fire elemental burns you! You resist.
* * * LOW HITPOINT WARNING * * *
The +1 halberd of freezing hits you from afar!!
* * * LOW HITPOINT WARNING * * *
The +1 halberd of freezing freezes you.
* * * LOW HITPOINT WARNING * * *
You climb upwards.
Welcome back to the Orcish Mines!
The fire elemental disappears in a puff of smoke! x3
There is a staircase to the Elven Halls here.
Unknown command.
Unknown command. 😨 HP[-25] MP[-1]
You take 25 damage, and now have 47/153 hp.
You lost 1 mp, and now have 7/16 mp.
Unknown command.
You barely miss the deep elf pyromancer.
Baldwin points at the deep elf pyromancer and mumbles some strange words.
The deep elf pyromancer suddenly stops moving!
The fire elemental barely misses you. 😨 HP[+1] Unknown command.
The helpless deep elf pyromancer fails to defend itself.
You beat the deep elf pyromancer like a drum!!!
Your weapon exudes an aura of protection.
You kill the deep elf pyromancer!
Baldwin hits the fire elemental but does no damage.
The fire elemental barely misses you.
Baldwin hits the fire elemental with a +0 dagger of draining! 😨 HP[+1] Unknown command.
You barely miss the fire elemental. The fire elemental hits you.
Baldwin hits the fire elemental with a +0 dagger of draining!
The fire elemental is destroyed! 😨 HP[+1] 😨 HP[+1]
There is a staircase to the Elven Halls here. 😨 HP[+1]
You start resting. 😨 HP[+14] MP[+2]
You regained 14 hp, and now have 66/153 hp.
You regained 2 mp, and now have 9/16 mp.
Unknown command.
You climb downwards.
Welcome back to the Elven Halls!
You hear the crackle of arcane power.
There is an entrance to a wizard's laboratory on this level!
Hurry and find it before the portal closes forever!
The deep elf knight shouts!
The fire elemental barely misses you.
The deep elf archer points at you and mumbles some strange words.
You easily resist.
An earth elemental comes into view.
The fire elemental hits you. The fire elemental burns you! You resist.
* * * LOW HITPOINT WARNING * * *
The deep elf knight completely misses you.
The deep elf zephyrmancer mumbles some strange words.
The deep elf zephyrmancer blinks!
The deep elf zephyrmancer points at you and mumbles some strange words.
The bolt of lightning misses the fire elemental.
The bolt of lightning hits you!!
* * * LOW HITPOINT WARNING * * *
The bolt of lightning hits Baldwin!
The deep elf archer unwields a +0 shortbow.
The deep elf archer wields a +0 dagger.
The deep elf archer hits you with a +0 dagger!
* * * LOW HITPOINT WARNING * * *
There is a staircase back to the Mines, spattered with blood here. 😱 HP[-29] MP[-5]
You take 29 damage, and now have 37/153 hp.
You lost 5 mp, and now have 4/16 mp.
Unknown command.
Unknown command.
The fire elemental completely misses you.
The +1 halberd of freezing hits you from afar!!
* * * LOW HITPOINT WARNING * * *
The +1 halberd of freezing freezes you.
* * * LOW HITPOINT WARNING * * *
The deep elf knight hits you with a +2 long sword of flaming!
* * * LOW HITPOINT WARNING * * *
The deep elf knight burns you.
* * * LOW HITPOINT WARNING * * *
The deep elf high priest calls down the wrath of its god upon you.
Something smites you!
You die...

Skill      XL: |  1  2  3  4  5  6  7  8  9 10 11 12 13 14 15 16 |
---------------+-------------------------------------------------+-----
Maces & Flails | 3 4 5 6 7 9 10 12 13 15 16 17 | 17.0
Fighting       | 5 6 7 9 11 13 | 13.3
Armour         | 3 5 7 9 10 11 | 11.5
Dodging        | 4 6 7 9 10 | 10.9
Throwing       | 2 5 9 11 12 | 12.3

Action                     |  1- 3 |  4- 6 |  7- 9 | 10-12 | 13-15 | 16-18 || total
---------------------------+-------+-------+-------+-------+-------+-------++-------
  Melee: Mace              |    93 |   142 |    36 |       |       |       ||   271
         Giant club        |       |       |   236 |   470 |   213 |       ||   919
         Punch             |       |       |     1 |       |       |       ||     1
         Great mace        |       |       |       |       |  1002 |   319 ||  1321
  Throw: Throwing net      |       |     2 |       |       |       |       ||     2
         Dart              |       |     5 |       |     1 |       |       ||     6
         Boomerang         |       |     1 |       |       |       |       ||     1
         Large rock        |       |       |       |    11 |     6 |    10 ||    27
 Invoke: Ancestor Life: He |       |       |       |     1 |       |       ||     1
         Ancestor Identity |       |       |       |     1 |       |       ||     1
         Recall Ancestor   |       |       |       |     3 |     1 |       ||     4
    Use: Scroll            |     5 |     6 |     6 |    12 |     7 |     5 ||    41
         Potion            |       |     1 |     1 |     6 |       |       ||     8
   Stab: Sleeping          |       |       |     1 |       |       |     1 ||     2
         Paralysed         |       |       |     1 |       |    22 |    22 ||    45
         Distracted        |       |       |       |     2 |    17 |     5 ||    24
         Confused          |       |       |       |     8 |    21 |     8 ||    37
         Petrified         |       |       |       |       |    12 |       ||    12
         Petrifying        |       |       |       |       |     1 |       ||     1
         Fleeing           |       |       |       |       |       |     1 ||     1
 Armour: Robe              |    32 |    50 |   120 |   142 |       |       ||   344
         Skin              |       |       |    44 |     6 |       |       ||    50
         Troll leather arm |       |       |       |   118 |   813 |   179 ||  1110
  Dodge: Dodged            |    54 |   113 |   164 |   289 |   818 |   181 ||  1619
  Block: Other             |       |       |       |    37 |    98 |       ||   135
         Reflection        |       |       |       |     4 |     7 |       ||    11

Levels and vault maps discovered:
D:1:      psy_arrival_dodecagon, layout_loops_corners
D:2:      layout_basic, serial_shops, nicolae_shop_gibbet_a_chance,
          nicolae_shop_crystal, nicolae_lakefront_shop, nicolae_shop_tiny_glass
D:3:      layout_rooms, mainiacjoe_overflow_brackets,
          mainiacjoe_overflow_concentric_impassable,
          hellmonk_ecumenical_altar_lost_god
D:4:      layout_loops_cross
D:5:      layout_basic, lemuel_mausoleum_altar_yredelemnul,
          uniq_crazy_yiuf_cottage
D:6:      layout_rooms
D:7:      layout_loops_corners, nicolae_elyvilon_peaceful_grove,
          nicolae_ru_great_annihilating_truth, temple_fountains, serial_glass,
          glass_columns_b, glass_columns_a
D:8:      layout_rooms, lemuel_blue_sif_altar, amcnicky_altar_gilded
D:9:      layout_basic, okawaru_metal_pillars_1_2, lair_entry_dummy
D:10:     layout_roguey, david_orc_5, serial_curves, eino_curves_03,
          eino_curves_04, grunt_decor_cap
D:11:     layout_loops_ring, uniq_sonja
D:12:     layout_long_grid, serial_undead, serial_undead_f, serial_undead_e,
          serial_undead_b, serial_undead_d, uniq_azrael
D:13:     layout_long_grid, david_vaults_3, portal_ice_cave_entry_ice_simulacra
D:14:     layout_small_grid, nemelex_lonely_heart_becter,
          amcnicky_mini_pool_small, kiku_gazebo_garden_becter
D:15:     grunt_enter_depths_magical_seal, layout_small_grid, fountainhead,
          serial_shops, nicolae_shop_overgrown_old_shop
Temple:   eino_narrow_crystal_temple
Lair:1:   layout_hall_layers, serial_bayou_shore_a, grunt_megastairs_2,
          uniq_grum, uniq_urug
Lair:2:   layout_regular_city, elwin_shoals_entry_stream, beast_lair_carwin_10,
          uniq_amaemon, uniq_gastronok
Lair:3:   layout_loops_ring, spider_nest_entry_funnel_web,
          infiniplex_staircase_pool, grunt_megastairs_1
Lair:4:   layout_hall_layers, dpeg_slime_entry_enclosed,
          nicolae_volcano_entry_hallway, nzn_masters_of_martial_movement
Lair:5:   grunt_lair_end_beastmaster, layout_small_grid
Orc:1:    layout_caves, serial_shops, nicolae_orc_damp_corner, nooodl_orcs_dogs
Orc:2:    st_orc_town, layout_diamond_mine
Elf:1:    elf_arrival_001, layout_rooms, mu_enter_wizlab_7,
          minmay_elf_necromancy, grunt_ministairs_10, uniq_zenata

Notes
Turn   | Place    | Note
-------+----------+-------------------------------------------
     0 | D:1      | ytrimaz the Ogre Monk began the quest for the Orb.
     0 | D:1      | Reached XP level 1. HP: 24/24 MP: 1/1
     0 | D:1      | magus.rc [v1.9.6]
   150 | D:1      | Reached skill level 3 in Maces & Flails
   152 | D:1      | Reached XP level 2. HP: 32/32 MP: 2/2
   686 | D:1      | Reached XP level 3. HP: 40/40 MP: 3/3
  1023 | D:2      | Found Qanleak's Distillery.
  1275 | D:2      | You pick up a book of Storms and begin reading...
  1275 | D:2      | You add the spells Static Discharge, Airstrike and Summon
                  | Lightning Spire to your library.
  1461 | D:2      | Found Gudyi's Weapon Boutique.
  1646 | D:2      | Found Uruopaly's Distillery.
  1655 | D:2      | Bought a potion of curing for 39 gold pieces
  1737 | D:2      | Found Acein's Jewellery Shoppe.
  1808 | D:3      | Reached XP level 4. HP: 38/49 MP: 4/4
  1822 | D:3      | Found a faded altar of an unknown god.
  2028 | D:3      | Found a shimmering altar of Xom.
  2044 | D:3      | Reached skill level 5 in Fighting
  2138 | D:3      | Found a blossoming altar of Fedhas.
  2145 | D:3      | Reached skill level 4 in Maces & Flails
  3462 | D:5      | Entered Level 5 of the Dungeon
  3531 | D:5      | Reached XP level 5. HP: 43/57 MP: 5/5
  3682 | D:5      | Identified the +2 cloak "Qaexaqyc" {rElec rC- Dex+5}
  3868 | D:5      | Noticed a black bear
  3877 | D:5      | Killed a black bear
  3878 | D:5      | Reached skill level 6 in Fighting
  3878 | D:5      | Reached skill level 5 in Maces & Flails
  3878 | D:5      | Reached XP level 6. HP: 25/67 MP: 6/6
  4167 | D:5      | Reached skill level 6 in Maces & Flails
  4167 | D:5      | Reached XP level 7. HP: 36/76 MP: 7/7
  4336 | D:5      | You pick up a book of the Senses and begin reading...
  4336 | D:5      | You add the spells Dazzling Flash, Agony and Silence to
                  | your library.
  4381 | D:5      | Reached skill level 7 in Fighting
  4628 | D:5      | HP: 18/78 [orc priest/+0 club (6)]
  4852 | D:5      | Reached skill level 7 in Maces & Flails
  4852 | D:5      | Reached XP level 8. HP: 86/88 MP: 8/8
  4900 | D:5      | You add the spells Ozocubu's Armour and Ozocubu's
                  | Refrigeration to your library.
  4910 | D:5      | Found a runed translucent door.
  4911 | D:5      | Noticed Crazy Yiuf
  5102 | D:5      | Reached skill level 8 in Fighting
  5207 | D:5      | Found a basalt altar of Yredelemnul.
  5223 | D:5      | Reached skill level 8 in Maces & Flails
  5569 | D:6      | Reached skill level 9 in Fighting
  5592 | D:6      | Reached skill level 9 in Maces & Flails
  5592 | D:6      | Reached XP level 9. HP: 71/100 MP: 9/9
  6039 | D:6      | Reached skill level 10 in Fighting
  6173 | D:6      | Identified a scroll of acquirement
  6300 | D:6      | Acquired 833 gold pieces
  6407 | D:2      | Bought a +4 ring of protection for 468 gold pieces
  6981 | D:7      | You pick up a book of Sloth and begin reading...
  6981 | D:7      | You add the spells Petrify, Metabolic Englaciation and
                  | Statue Form to your library.
  7021 | D:7      | Identified the +11 long sword of Rocwit {venom, *Slow rElec
                  | rN+ Dex+3}
  7142 | D:7      | Found a staircase to the Ecumenical Temple.
  7149 | Temple   | Entered the Ecumenical Temple
  7445 | D:7      | Found a sacrificial altar of Ru.
  7449 | D:7      | Reached skill level 10 in Maces & Flails
  7567 | D:7      | Found a white marble altar of Elyvilon.
  8004 | D:8      | Reached skill level 11 in Fighting
  8029 | D:8      | Found a hazy altar of Hepliaklqana.
  8180 | D:8      | Reached XP level 10. HP: 84/113 MP: 10/10
  8196 | D:8      | HP: 28/114 [poisoned by a killer bee]
  8201 | D:8      | HP: 23/114 [killer bee (7)]
  8203 | D:8      | HP: 11/114 [poisoned by a killer bee]
  8209 | D:8      | HP: 14/114 [orc/+0 hand axe (1)]
  8484 | D:8      | Noticed a two-headed ogre
  8494 | D:8      | Killed a two-headed ogre
  8495 | D:8      | Reached skill level 11 in Maces & Flails
  8891 | D:8      | Reached skill level 12 in Fighting
  8989 | D:8      | Noticed a two-headed ogre
  9015 | D:8      | Killed a two-headed ogre
  9016 | D:8      | Reached skill level 12 in Maces & Flails
  9328 | D:8      | Found a shimmering blue altar of Sif Muna.
  9558 | D:8      | You add the spells Yara's Violent Unravelling and Plasma
                  | Beam to your library.
  9558 | D:8      | Got Zyzu's Catalogue of Burnt Composition
  9574 | D:8      | You pick up a book of Spatial Translocations and begin
                  | reading...
  9574 | D:8      | You add the spells Blink, Momentum Strike and Lesser
                  | Beckoning to your library.
  9691 | D:8      | Became a worshipper of Hepliaklqana the Forgotten
  9691 | D:8      | Reached * piety under Hepliaklqana
  9691 | D:8      | Reached ** piety under Hepliaklqana
  9719 | D:8      | Remembered your ancestor Baldwin as a hexer
  9856 | D:9      | Found a staircase to the Lair.
  9889 | D:9      | Found an iron altar of Okawaru.
  9955 | D:9      | HP: 26/106 [killer bee (2)]
  9960 | D:9      | HP: 21/106 [poisoned by a killer bee]
 10278 | D:9      | You pick up a book of Hexes and begin reading...
 10278 | D:9      | You add the spells Anguish, Cause Fear and Enfeeble to your
                  | library.
 10389 | D:9      | Noticed a centaur warrior
 10401 | D:9      | Killed a centaur warrior
 10402 | D:9      | Reached skill level 13 in Fighting
 10402 | D:9      | Reached XP level 11. HP: 77/114 MP: 11/11
 10829 | Lair:1   | Entered Level 1 of the Lair of Beasts
 10850 | D:10     | Entered Level 10 of the Dungeon
 11091 | D:10     | Found a staircase to the Orcish Mines.
 11384 | D:10     | Reached *** piety under Hepliaklqana
 11490 | D:10     | HP: 27/114 [killer bee (8)]
 11495 | D:10     | HP: 17/114 [poisoned by a killer bee]
 11893 | D:10     | Noticed a two-headed ogre
 11896 | D:10     | Killed a two-headed ogre
 11897 | D:10     | Reached skill level 13 in Maces & Flails
 11897 | D:10     | Reached skill level 1 in Armour
 11897 | D:10     | Reached skill level 3 in Dodging
 12340 | D:11     | Noticed a cyclops
 12345 | D:11     | Noticed Sonja
 12347 | D:11     | Killed a cyclops
 12363 | D:11     | Killed Sonja
 12364 | D:11     | Reached skill level 2 in Armour
 12618 | D:11     | Reached skill level 4 in Dodging
 12784 | D:11     | Noticed a boulder beetle
 12809 | D:11     | Killed a boulder beetle
 12822 | D:11     | You pick up a book of Lightning and begin reading...
 12822 | D:11     | You add the spells Vhi's Electric Charge and Arcjolt to
                  | your library.
 13092 | D:11     | Reached skill level 3 in Armour
 13157 | D:11     | You fall into a shaft and drop 2 floors!
 13162 | D:13     | Noticed a centaur warrior
 13171 | D:13     | Killed a centaur warrior
 13177 | D:13     | Reached XP level 12. HP: 59/122 MP: 10/12
 13192 | D:13     | Reached **** piety under Hepliaklqana
 13211 | D:13     | Found a frozen archway.
 13260 | D:13     | Noticed a five-headed hydra
 13394 | D:12     | Reached skill level 14 in Maces & Flails
 13432 | D:12     | Reached skill level 5 in Dodging
 13523 | D:12     | Noticed Azrael
 13583 | D:12     | Reached skill level 4 in Armour
 13740 | D:12     | Noticed a two-headed ogre
 13771 | D:12     | Killed a two-headed ogre
 13964 | D:12     | Killed Azrael
 13965 | D:12     | Reached skill level 6 in Dodging
 14197 | D:12     | HP: 22/122 [skeletal warrior/+0 halberd (10)]
 14197 | D:12     | HP: 6/122 [skeletal warrior/+0 broad axe (16)]
 14254 | D:11     | HP: 24/122 [skeletal warrior/+0 hand axe (18)]
 14259 | D:11     | Reached skill level 15 in Maces & Flails
 14259 | D:11     | Reached skill level 5 in Armour
 14813 | D:12     | Reached skill level 1 in Throwing
 14961 | D:13     | Noticed a centaur warrior
 14961 | D:13     | Noticed Lodul
 14961 | D:13     | Noticed a catoblepas
 14961 | D:13     | Found a gate to the Vaults.
 15138 | Orc:1    | Entered Level 1 of the Orcish Mines
 15430 | Orc:1    | Reached skill level 2 in Throwing
 15445 | Orc:1    | Reached XP level 13. HP: 129/129 MP: 13/13
 15729 | Orc:1    | HP: 32/129 [orc warrior/+0 scimitar (6)]
 15941 | Orc:2    | Entered Level 2 of the Orcish Mines
 15941 | Orc:2    | Found a staircase to the Elven Halls.
 16156 | Orc:1    | Reached skill level 3 in Throwing
 16352 | Orc:1    | HP: 31/129 [orc warrior/+0 dire flail[an orc knight] (9)]
 16359 | Orc:1    | HP: 29/129 [something (1)]
 16640 | Orc:2    | Noticed an orc warlord
 16679 | Orc:1    | Reached skill level 6 in Armour
 16727 | Orc:1    | Killed an orc warlord
 16921 | Orc:2    | Reached skill level 4 in Throwing
 16931 | Orc:2    | Reached skill level 16 in Maces & Flails
 17120 | Orc:2    | Reached ***** piety under Hepliaklqana
 17165 | Orc:2    | Found Jetojic's Weapon Emporium.
 17209 | Orc:2    | Found Zywex's Antique Armour Shop.
 17274 | Orc:2    | Found Cula's Jewellery Emporium.
 17289 | Orc:2    | Paralysed by an orc sorcerer for 2 turns
 17315 | Orc:2    | Found Kuymn's General Store.
 17338 | Orc:2    | Bought a scroll of identify for 36 gold pieces
 17338 | Orc:2    | Bought a potion of curing for 54 gold pieces
 17338 | Orc:2    | Bought a scroll of teleportation for 54 gold pieces
 17363 | Orc:2    | Bought the amulet "Beang" {Spirit -Cast rPois Dex+6} for
                  | 655 gold pieces
 17722 | Lair:1   | You pick up a book of Weapons and begin reading...
 17722 | Lair:1   | You add the spells Tukima's Dance, Portal Projectile and
                  | Blade Hands to your library.
 17735 | Lair:1   | Noticed Urug
 17746 | Lair:1   | Killed Urug
 17751 | Lair:1   | Reached skill level 5 in Throwing
 17816 | Lair:1   | Noticed Grum
 17826 | Lair:1   | Killed Grum
 18664 | Lair:2   | Reached skill level 7 in Armour
 18692 | Lair:2   | You pick up a book of Winter and begin reading...
 18743 | Lair:2   | Found a staircase to the Shoals.
 18752 | Lair:2   | Reached XP level 14. HP: 131/137 MP: 14/14
 18786 | Lair:2   | Noticed Amaemon
 18798 | Lair:2   | Killed Amaemon
 18854 | Lair:2   | Reached skill level 6 in Throwing
 18987 | Lair:2   | Reached skill level 17 in Maces & Flails
 19126 | Lair:2   | Noticed Gastronok
 19141 | Lair:2   | Killed Gastronok
 19142 | Lair:2   | Reached skill level 7 in Throwing
 19142 | Lair:2   | Reached skill level 8 in Armour
 19967 | Lair:3   | Identified the +0 scale mail of Beyond {Slay+2}
 20059 | Lair:3   | Reached skill level 8 in Throwing
 20272 | Lair:3   | Found a hole to the Spider Nest.
 20377 | Lair:3   | Reached skill level 7 in Dodging
 20761 | Lair:4   | Found a hide-covered altar of Uskayaw.
 20761 | Lair:4   | Found an ornate altar of the Wu Jian Council.
 20838 | Lair:4   | Reached skill level 9 in Armour
 20875 | Lair:4   | Found a dark tunnel.
 20904 | Volcano  | Entered a volcano
 21013 | Volcano  | Reached skill level 9 in Throwing
 21013 | Volcano  | Reached XP level 15. HP: 70/144 MP: 7/15
 21548 | Lair:4   | Reached skill level 8 in Dodging
 21758 | Lair:4   | Found a viscous altar of Jiyva.
 21758 | Lair:4   | Found a staircase to the Slime Pits.
 21941 | Lair:5   | Entered Level 5 of the Lair of Beasts
 22039 | Lair:5   | Reached ****** piety under Hepliaklqana
 22306 | Lair:5   | Reached skill level 10 in Throwing
 22460 | Lair:5   | Reached skill level 10 in Armour
 22752 | Lair:5   | Reached skill level 9 in Dodging
 22879 | Lair:5   | Identified the ring of Emaoz {AC+4 Int+2}
 22888 | Lair:5   | Identified the ring of Ytixt {Fire rN+ Slay+2}
 23504 | D:13     | Killed Lodul
 23545 | D:13     | Reached skill level 11 in Throwing
 23773 | D:13     | Reached XP level 16. HP: 125/153 MP: 11/16
 23801 | D:13     | Identified the +8 dagger "Faalage" {vamp, rF+}
 23915 | D:13     | You add the spells Summon Forest, Eringya's Noxious Bog and
                  | Summon Hydra to your library.
 24185 | D:14     | Found an ancient bone altar of Kikubaaqudgha.
 24292 | D:14     | Reached skill level 10 in Dodging
 24575 | D:14     | Reached skill level 11 in Armour
 25058 | D:14     | Found a sparkling altar of Nemelex Xobeh.
 25217 | D:15     | Entered Level 15 of the Dungeon
 25512 | D:14     | HP: 38/153 [red ugly thing (9)]
 25515 | D:14     | Reached skill level 12 in Throwing
 25854 | D:15     | Found Cidemyshe's Assorted Antiques.
 25863 | D:15     | Bought a scroll of blinking for 255 gold pieces
 26175 | D:15     | Found a staircase to the Depths.
 26541 | Elf:1    | Entered Level 1 of the Elven Halls
 26613 | Elf:1    | HP: 37/153 [deep elf archer/+0 dagger (8)]
 26614 | Elf:1    | HP: 17/153 [+1 halberd of freezing (3)]
 26614 | Elf:1    | Killed from afar by a deep elf high priest

Vanquished Creatures
  An orc warlord (Orc:1)
  Azrael (D:12)
  6 hydras
  4 catoblepae
  6 centaur warriors
  A death knight (D:13)
  2 boulder beetles
  4 two-headed ogres
  4 death yaks (Lair:5)
  2 tengu warriors (D:15)
  A deep troll shaman (Lair:5)
  Urug (Lair:1)
  Amaemon (Lair:2)
  3 skeletal warriors
  A skyshark (Lair:4)
  3 orc knights
  5 deep elf pyromancers
  A necromancer (D:15)
  8 orc sorcerers
  A deep elf zephyrmancer (D:15)
  2 salamanders (Volcano)
  18 ugly things
  5 cyclopes
  A wolf spider (Lair:3)
  4 manticores
  3 merfolk sirens (Lair:2)
  3 black mambas
  19 elephants
  3 centaur zombies
  9 cane toads
  An orange demon (Lair:2)
  3 gargoyles
  2 unseen horrors (D:12)
  3 freezing wraiths
  4 rime drakes
  9 komodo dragons
  A troll (shapeshifter) (D:14)
  5 trolls
  3 polar bears
  14 blink frogs
  A wolf spider simulacrum (D:15)
  A meliai zombie (D:15)
  A raiju (shapeshifter) (D:13)
  9 slime creatures
  A jumping spider (Lair:3)
  2 shadows
  5 wyverns
  3 fire elementals
  7 wraiths
  4 basilisks
  52 yaks
  15 humans
  A redback (Lair:3)
  2 steam dragons (D:6)
  2 fire bats (Volcano)
  Grum (Lair:1)
  4 vampire mosquitoes (D:12)
  7 wargs
  4 hell hounds
  10 water moccasins
  An ice beast (D:6)
  26 orc warriors
  6 black bears
  2 sky beasts
  6 ogres
  24 wolves
  5 centaurs
  A phantom (D:6)
  2 kobold brigands
  13 bullfrogs
  2 gnoll sergeants
  3 two-headed ogre simulacra (D:13)
  2 necrophages (D:5)
  3 water moccasin zombies (D:5)
  3 scorpions (D:5)
  11 wights
  12 killer bees
  A howler monkey (D:8)
  An electric eel (D:15)
  A bullfrog zombie (D:5)
  A human zombie (D:5)
  11 orc priests
  2 jellies (D:5)
  An iguana (D:6)
  33 orc wizards
  6 hell rats (Lair:3)
  A spriggan simulacrum (D:13)
  A killer bee zombie (D:5)
  10 gnolls
  7 adders
  A naga simulacrum (D:13)
  A shadow imp (D:6)
  An adder zombie (D:5)
  3 dart slugs
  68 orcs
  4 endoplasms
  4 giant cockroaches
  8 goblins
  6 hobgoblins
  7 jackals
  13 kobolds
  3 quokkas
  5 ball pythons
  5 bats
  2 frilled lizards
  6 rats
635 creatures vanquished.

Vanquished Creatures (collateral kills)
  Gastronok (Lair:2)
  A hydra (Lair:3)
  A catoblepas (Lair:2)
  2 death yaks (Lair:5)
  A tengu warrior (D:14)
  Sonja (D:11)
  Lodul (D:13)
  2 skeletal warriors
  An orc sorcerer (Orc:2)
  A salamander (Volcano)
  4 ugly things (D:14)
  A manticore (D:12)
  2 elephants
  4 cane toads
  A torpor snail (Lair:1)
  An unseen horror (D:12)
  A tengu conjurer (D:14)
  3 rime drakes
  2 komodo dragons
  A polar bear (Lair:5)
  A troll (Orc:1)
  A merfolk (Lair:2)
  A hornet (D:11)
  3 blink frogs (Lair:2)
  4 slime creatures
  A meliai zombie (D:15)
  A jumping spider (shapeshifter) (D:13)
  2 vampires (D:12)
  A shadow (D:11)
  A fire bat (Volcano)
  3 wyverns
  14 yaks
  2 fire elementals
  A human (D:12)
  A basilisk (Lair:5)
  5 wargs (Orc:2)
  2 orc warriors
  A black bear (Lair:3)
  6 wolves
  2 centaurs (D:13)
  2 bullfrogs
  A kobold brigand (D:10)
  2 two-headed ogre simulacra (D:13)
  7 killer bees
  An electric eel (Lair:1)
  2 orc priests (D:10)
  10 orc wizards
  A hell rat (Lair:3)
  A troll simulacrum (D:13)
  2 gnolls (D:11)
  17 orcs
  7 kobolds (D:10)
138 creatures vanquished.

Vanquished Creatures (others)
  A wizard (D:15)
  A centaur (Volcano)
  29 hexers
  2 orc wizards (Orc:2)
  A butterfly (D:7)
34 creatures vanquished.

Grand Total: 807 creatures vanquished

Table legend:
 A = Non-vault XP
 B = Vault XP
 C = Vault XP percentage of total XP
 D = Non-vault monster count
 E = Vault monster count
 F = Vault count percentage of total count
                 A         B        C        D         E       F
            +---------+---------+-------+---------+---------+-------
      Total |  112726 |   50424 |  30.9 |     550 |     225 |  29.0
            +---------+---------+-------+---------+---------+-------
        D:1 |      50 |       0 |   0.0 |      28 |       0 |   0.0
        D:2 |      21 |       0 |   0.0 |       5 |       0 |   0.0
        D:3 |      40 |       0 |   0.0 |      17 |       0 |   0.0
        D:4 |      19 |       0 |   0.0 |       9 |       0 |   0.0
        D:5 |    1364 |     746 |  35.4 |      34 |      12 |  26.1
        D:6 |    1207 |       0 |   0.0 |      17 |       0 |   0.0
        D:7 |     356 |      41 |  10.3 |       8 |       4 |  33.3
        D:8 |    4134 |       0 |   0.0 |      30 |       0 |   0.0
        D:9 |    1589 |       0 |   0.0 |      10 |       0 |   0.0
       D:10 |    2708 |     795 |  22.7 |      28 |      22 |  44.0
       D:11 |    5846 |    1832 |  23.9 |      24 |       7 |  22.6
       D:12 |    6376 |    8174 |  56.2 |      21 |      27 |  56.2
       D:13 |    8519 |    1464 |  14.7 |      17 |      10 |  37.0
       D:14 |   17963 |       0 |   0.0 |      38 |       0 |   0.0
       D:15 |    7806 |    3772 |  32.6 |      16 |       8 |  33.3
     Lair:1 |    1110 |    2887 |  72.2 |       5 |      12 |  70.6
     Lair:2 |    8406 |    8357 |  49.9 |      36 |      17 |  32.1
     Lair:3 |   11206 |    1775 |  13.7 |      49 |       4 |   7.5
     Lair:4 |   12441 |     810 |   6.1 |      39 |       1 |   2.5
     Lair:5 |   12962 |   10071 |  43.7 |      45 |      20 |  30.8
      Orc:1 |    4697 |    1323 |  22.0 |      45 |      12 |  21.1
      Orc:2 |    3906 |    5921 |  60.3 |      29 |      61 |  67.8
    Volcano |       0 |    2456 | 100.0 |       0 |       8 | 100.0
            +---------+---------+-------+---------+---------+-------

Skill      XL: |  1  2  3  4  5  6  7  8  9 10 11 12 13 14 15 16 |
---------------+-------------------------------------------------+-----
Maces & Flails | 3 4 5 6 7 9 10 12 13 15 16 17 | 17.0
Fighting       | 5 6 7 9 11 13 | 13.3
Armour         | 3 5 7 9 10 11 | 11.5
Dodging        | 4 6 7 9 10 | 10.9
Throwing       | 2 5 9 11 12 | 12.3

Action                     |  1- 3 |  4- 6 |  7- 9 | 10-12 | 13-15 | 16-18 || total
---------------------------+-------+-------+-------+-------+-------+-------++-------
  Melee: Mace              |    93 |   142 |    36 |       |       |       ||   271
         Giant club        |       |       |   236 |   470 |   213 |       ||   919
         Punch             |       |       |     1 |       |       |       ||     1
         Great mace        |       |       |       |       |  1002 |   319 ||  1321
  Throw: Throwing net      |       |     2 |       |       |       |       ||     2
         Dart              |       |     5 |       |     1 |       |       ||     6
         Boomerang         |       |     1 |       |       |       |       ||     1
         Large rock        |       |       |       |    11 |     6 |    10 ||    27
 Invoke: Ancestor Life: He |       |       |       |     1 |       |       ||     1
         Ancestor Identity |       |       |       |     1 |       |       ||     1
         Recall Ancestor   |       |       |       |     3 |     1 |       ||     4
    Use: Scroll            |     5 |     6 |     6 |    12 |     7 |     5 ||    41
         Potion            |       |     1 |     1 |     6 |       |       ||     8
   Stab: Sleeping          |       |       |     1 |       |       |     1 ||     2
         Paralysed         |       |       |     1 |       |    22 |    22 ||    45
         Distracted        |       |       |       |     2 |    17 |     5 ||    24
         Confused          |       |       |       |     8 |    21 |     8 ||    37
         Petrified         |       |       |       |       |    12 |       ||    12
         Petrifying        |       |       |       |       |     1 |       ||     1
         Fleeing           |       |       |       |       |       |     1 ||     1
 Armour: Robe              |    32 |    50 |   120 |   142 |       |       ||   344
         Skin              |       |       |    44 |     6 |       |       ||    50
         Troll leather arm |       |       |       |   118 |   813 |   179 ||  1110
  Dodge: Dodged            |    54 |   113 |   164 |   289 |   818 |   181 ||  1619
  Block: Other             |       |       |       |    37 |    98 |       ||   135
         Reflection        |       |       |       |     4 |     7 |       ||    11

Illustrated notes

Table legend:
 A = Kills in this place as a percentage of kills in the entire game.
 B = Kills by you in this place as a percentage of kills by you in the entire game.
 C = Kills by friends in this place as a percentage of kills by friends in the entire game.
 D = Other kills in this place as a percentage of other kills in the entire game.
 E = Experience gained in this place as a percentage of experience gained in the entire game.
 F = Experience gained in this place divided by the number of levels of this place that you have seen.
                   A       B       C       D       E      F
               +-------+-------+-------+-------+-------+----------------------
         Total | 100.0 | 100.0 | 100.0 | 100.0 | 100.0 | 6526.0
       Dungeon |  50.6 |  52.1 |  45.7 |  12.5 |  45.9 | 4988.1
          Lair |  29.4 |  27.8 |  34.8 |  62.5 |  42.9 | 14005.0
  Orcish Mines |  19.0 |  19.1 |  18.1 |  25.0 |   9.7 | 7923.5
       Volcano |   1.0 |   1.0 |   1.4 |   0.0 |   1.5 | 2456.0
               +-------+-------+-------+-------+-------+----------------------

Table legend: (Time is in decaauts)
 A = Elapsed time spent in this place.
 B = Non-inter-level travel time spent in this place.
 C = Inter-level travel time spent in this place.
 D = Time resting spent in this place.
 E = Time spent auto-exploring this place.
 F = Levels seen in this place.
 G = Mean time per level.
                   A        B        C        D        E       F      G
               +--------+--------+--------+--------+--------+-----+--------+
         Total |  26574 |  25042 |   1532 |   1757 |  17450 |  25 | 1063.0 |
       Dungeon |  18375 |  17151 |   1224 |   1333 |  12286 |  15 | 1225.0 |
        Temple |    207 |    194 |     13 |      0 |    187 |   1 |  207.0 |
          Lair |   5118 |   4898 |    220 |     28 |   3538 |   5 | 1023.6 |
  Orcish Mines |   2482 |   2407 |     75 |    375 |   1251 |   2 | 1241.0 |
   Elven Halls |     20 |     20 |      0 |      0 |      0 |   1 |   20.0 |
       Volcano |    370 |    370 |      0 |     21 |    188 |   1 |  370.0 |
               +--------+--------+--------+--------+--------+-----+--------+

Top non-repeatable levels by time:
     D:5: 2578 daAuts
     D:8: 1840 daAuts
    D:10: 1652 daAuts
    D:12: 1562 daAuts
   Orc:1: 1330 daAuts
    D:11: 1316 daAuts
     D:9: 1186 daAuts
  Lair:5: 1153 daAuts
   Orc:2: 1151 daAuts
  Lair:3: 1140 daAuts
  Lair:2: 1091 daAuts
    D:14: 1075 daAuts
     D:1: 1040 daAuts
    D:13: 1016 daAuts
    D:15: 965 daAuts
